 Dungeon Crawl Stone Soup version 0.31.0-11-ge490571c62 (webtiles) character file.

Game seed: 13303717627730756246

2016 ProzacElf the Grappler (level 9, -1/75 HPs)
             Began as a Troll Shapeshifter on Jan 31, 2024.
             Was a Follower of Qazlal.
             Slain by a hornet (12 damage)
             ... while paralysed by a hornet
             ... on level 7 of the Dungeon.
             The game lasted 00:10:03 (5559 turns).

ProzacElf the Grappler (Troll Shapeshifter)         Turns: 5559, Time: 00:10:04

Health: -1/75      AC:  4    Str: 24    XL:     9   Next: 3%
Magic:  8/8        EV:  1    Int:  6    God:    Qazlal [*.....]
Gold:   339        SH:  0    Dex: 13    Spells: 8/8 levels left

rFire   . .          .
                       - Unarmed
rCold   . . .        (no shield)
rNeg    . . .        a - +0 robe
rPois   .            (helmet currently unavailable)
rElec   .            (cloak currently unavailable)
rCorr   .            (gloves unavailable)
SInv    .            (boots unavailable)
Will    .....        (no amulet)
Stlth   +            (no ring)
HPRegen 1.12/turn    (no ring)
MPRegen 0.11/turn

%: no passive effects
@: paralysed, lethally poisoned (-1 -> -7), beast-form, slowed
A: beast (slay +4), large, unfitting armour, claws 3, regeneration 1, shaggy fur
1, tough skin 1
a: Begin Untransformation, Renounce Religion


You were on level 7 of the Dungeon.
You worshipped Qazlal.
Qazlal was aware of your devotion.
You were a hulking beast.
You visited 2 branches of the dungeon, and saw 8 of its levels.

You collected 339 gold pieces.

Inventory:

Hand Weapons
 b - the +2 hand axe "Pilaof" {heavy, Will+ Str+6}
   (You found it on level 2 of the Dungeon)

   Str+6:     It affects your strength (+6).
   Will+:     It increases your willpower.
 p - a +0 mace of protection
 y - a +3 whip of venom
 E - a +0 giant club
Missiles
 o - 2 atropa-tipped darts (quivered)
 s - 6 poisoned darts
 t - a throwing net
 x - 3 boomerangs
Armour
 a - a +0 robe (worn)
 r - a +0 animal skin
Talismans
 c - a beast talisman
 d - a flux talisman
Scrolls
 e - a scroll of fear
 g - 4 scrolls of enchant weapon
 m - 3 scrolls of noise
 q - a scroll of teleportation {unknown}
 v - a scroll of acquirement {unknown}
 w - a scroll of blinking
 A - 2 scrolls of identify {unknown}
 C - a scroll of immolation {unknown}
 F - a scroll of silence {unknown}
 G - a scroll of revelation {unknown}
Potions
 f - a potion of magic {unknown}
 h - a potion of mutation {unknown}
 i - a potion of resistance {unknown}
 j - a potion of haste {unknown}
 k - a potion of berserk rage {unknown}
 l - a potion of curing {unknown}
 n - 2 potions of lignification
 u - a potion of enlightenment {unknown}
 z - 2 potions of might {unknown}
 B - a potion of invisibility {unknown}
 D - 2 potions of cancellation {unknown}


   Skills:
 - Level 0.7 Fighting
 - Level 1.5 Dodging
 + Level 9.0 Unarmed Combat
 + Level 8.2 Shapeshifting


You had 8 spell levels left.
You didn't know any spells.
Your spell library contained the following spells:

 Spells                   Type           Power      Damage    Failure   Level
 Freeze                   Ice            0%         1d3       45%         1
 Slow                     Hex            0%         N/A       45%         1
 Sublimation of Blood     Necr           0%         N/A       58%         2
 Confusing Touch          Hex            0%         N/A       83%         3
 Frozen Ramparts          Ice            0%         1d1       83%         3
 Hailstorm                Conj/Ice       0%         3d5       83%         3
 Sigil of Binding         Hex            0%         N/A       83%         3
 Vampiric Draining        Necr           0%         2d6       83%         3
 Petrify                  Alch/Erth      0%         N/A       99%         4
 Irradiate                Conj/Alch      0%         3d11      100%        5


Dungeon Overview and Level Annotations

Branches:
Dungeon (7/15)             Temple (1/1) D:4

Altars:
Cheibriados
Elyvilon
Fedhas
Kikubaaqudgha
Makhleb
Nemelex Xobeh
Qazlal
Sif Muna
Trog
Uskayaw
Vehumet
Wu Jian
Xom
Yredelemnul

Shops:
D:5 =

Annotations:
D:1 fly for loot


Innate Abilities, Weirdness & Mutations

You are a hulking beast.
Your limbs bulge with bestial killing power. (Slay +4)
You are too large for most types of armour.
You have claws for hands.
Your natural rate of healing is unusually fast.
You are covered in fur. (AC +1)
You have tough skin. (AC +1)


Message History

Tha hornet stin's ye.
Ye feel as though ye will be slow longer.
Ye take 15 damage, an' haf 52/75 hp.
Ye closely miss tha hornet.
Ye feel very sick.
Tha hornet stin's ye.
Ye feel as though ye will be slow longer.
Ye block tha hornet's attack.
Ye take 3 damage, an' haf 49/75 hp.
Ye scratch tha hornet.
Tha hornet be lightly wounded.
Ye feel very sick.
Tha hornet barely misses ye.
Tha hornet misses ye.
Ye take 2 damage, an' haf 47/75 hp.
Ye mangle tha hornet!!
Tha hornet be severely wounded.
Ye feel sick.
Ye hear a croak.
Tha hornet stin's ye!
Ye feel as though ye will be slow longer.
A bullfrog comes inta view.
Tha hornet closely misses ye.
Ye hear a shout!
Ye take 10 damage, an' haf 37/75 hp.
Ye be too injured ta fight recklessly!
Ye be too injured ta fight recklessly!
Ye barely miss tha hornet.
Yer claw misses tha hornet.
Tha hornet be severely wounded.
Ye feel sick.
Tha hornet stin's ye.
Ye be more poison'd.
Ye sudd'nly lose tha ability ta move!
Tha hornet stin's ye.
Ye feel as though ye will be slow longer.
Ye feel very sick.
Tha hornet stin's ye!
* * * LOW HITPOINT WARNIN'
* * * Ye be more poison'd.
Ye feel as though ye will be slow longer.
Ye feel very sick.
Tha hornet stin's ye!
Ye die...

#. #. . .##. .
... .# ..♣ .##
##.F ###..##
##.#..Y #)....
##.. #$y##..#
##... #h..#
##....####..##
...>........#
...........##
..........##
..##.....# .
###...##
##...# #...#


You could see a hornet, an ice beast and a bullfrog.

Vanquished Creatures
  Prince Ribbit (D:5)
  Eustachio (D:5)
  An orc warrior (D:6)
  A water moccasin (D:4)
  3 black bears
  An ice beast (D:3)
  An ogre (D:6)
  Blork the orc (D:5)
  A scorpion (D:5)
  4 killer bees (D:6)
  A bombardier beetle (D:5)
  A crimson imp (D:4)
  2 gnoll boudas
  3 orc priests
  2 sleepcaps
  3 iguanas
  3 orc wizards
  3 adders
  11 gnolls
  2 ufetubi (D:5)
  3 ribbon worms
  3 dart slugs
  22 orcs
  7 endoplasms
  A giant cockroach (D:2)
  9 goblins
  6 hobgoblins
  10 jackals
  6 quokkas
  10 ball pythons
  7 bats
  4 frilled lizards
  7 kobolds
  8 rats
149 creatures vanquished.

Notes
Turn   | Place    | Note
-------+----------+-------------------------------------------
     0 | D:1      | ProzacElf the Troll Shapeshifter began the quest for the
                  | Orb.
     0 | D:1      | Reached XP level 1. HP: 18/18 MP: 0/0
   118 | D:1      | Reached XP level 2. HP: 26/26 MP: 1/1
   354 | D:1      | Reached XP level 3. HP: 32/32 MP: 2/2
   832 | D:2      | Identified the +2 hand axe "Pilaof" {heavy, Will+ Str+6}
  1119 | D:2      | Reached skill level 4 in Unarmed Combat
  1161 | D:2      | You fall into a shaft and drop 2 floors!
  1170 | D:4      | Found a stormy altar of Qazlal.
  1218 | D:4      | Reached XP level 4. HP: 32/40 MP: 3/3
  1261 | D:3      | Noticed an ice beast
  1284 | D:3      | Killed an ice beast
  1285 | D:3      | Reached skill level 5 in Unarmed Combat
  1285 | D:3      | Reached XP level 5. HP: 20/46 MP: 4/4
  1750 | D:2      | Found a snail-covered altar of Cheibriados.
  2019 | D:3      | Reached XP level 6. HP: 53/54 MP: 5/5
  2070 | D:3      | Reached skill level 5 in Shapeshifting
  2777 | D:4      | Became a worshipper of Qazlal Stormbringer
  2920 | D:4      | Found a staircase to the Ecumenical Temple.
  2929 | Temple   | Entered the Ecumenical Temple
  3053 | D:4      | Found a burning altar of Makhleb.
  3054 | D:4      | Found a shimmering altar of Xom.
  3194 | D:5      | Entered Level 5 of the Dungeon
  3195 | D:5      | Noticed Prince Ribbit
  3195 | D:5      | Noticed a water moccasin
  3202 | D:4      | Reached skill level 6 in Unarmed Combat
  3204 | D:4      | Killed a water moccasin
  3205 | D:4      | Reached XP level 7. HP: 47/61 MP: 6/6
  3243 | D:5      | Killed Prince Ribbit
  3344 | D:5      | Noticed Eustachio
  3384 | D:5      | Killed Eustachio
  3385 | D:5      | Reached skill level 7 in Unarmed Combat
  3412 | D:5      | Found Bizenku's Jewellery Emporium.
  3431 | D:5      | Noticed Blork the orc
  3439 | D:5      | Killed Blork the orc
  3440 | D:5      | Reached XP level 8. HP: 40/68 MP: 7/7
  3562 | D:5      | Reached * piety under Qazlal
  4247 | D:6      | Found a blossoming altar of Fedhas.
  4330 | D:6      | Reached skill level 8 in Unarmed Combat
  4554 | D:6      | HP: 2/68 [killer bee (3)]
  5401 | D:7      | Reached XP level 9. HP: 69/75 MP: 8/8
  5546 | D:7      | Reached skill level 9 in Unarmed Combat
  5557 | D:7      | Paralysed by a hornet for 3 turns
  5559 | D:7      | Slain by a hornet

Illustrated notes

Levels and vault maps discovered:
D:1:      grunt_arrival_lava_bath, layout_loops_cross
D:2:      minmay_alternating_diamond, layout_basic, basic_altar
D:3:      layout_loops_ring
D:4:      layout_basic, grunt_temple_overflow_champion_of_chaos,
          mainiacjoe_overflow_boulevard, minmay_temple_entry_glass,
          grunt_ministairs_15
D:5:      layout_loops_cross, serial_shops, nicolae_shop_waterfront,
          uniq_blork_the_orc, uniq_prince_ribbit1, uniq_eustachio
D:6:      layout_layer_cave, fedhas_ov_isle_minmay
D:7:      layout_layer_cave, nicolae_overflow_hallway_of_the_gods,
          minmay_ruined_shrine
Temple:   hellmonk_temple_rainy

Skill      XL: |  1  2  3  4  5  6  7  8  9 |
---------------+----------------------------+-----
Unarmed Combat | 4 5 6 7 8 9 |  9.0
Shapeshifting  | 4 5 6 8 |  8.2
Fighting       | |  0.7
Dodging        | |  1.5

Action                     |  1- 3 |  4- 6 |  7- 9 || total
---------------------------+-------+-------+-------++-------
  Melee: Unarmed           |    94 |   122 |   129 ||   345
         Punch             |     1 |     4 |     7 ||    12
    Use: Potion            |       |       |     4 ||     4
         Scroll            |       |       |     4 ||     4
   Stab: Sleeping          |     1 |     1 |       ||     2
 Armour: Animal skin       |    49 |       |       ||    49
         Robe              |     9 |    73 |   128 ||   210
         Skin              |       |       |    11 ||    11
  Dodge: Dodged            |    35 |    33 |    44 ||   112
  Block: Other             |       |       |     8 ||     8

Action                     |  1- 3 |  4- 6 |  7- 9 || total
---------------------------+-------+-------+-------++-------
  Melee: Unarmed           |    94 |   122 |   129 ||   345
         Punch             |     1 |     4 |     7 ||    12
    Use: Potion            |       |       |     4 ||     4
         Scroll            |       |       |     4 ||     4
   Stab: Sleeping          |     1 |     1 |       ||     2
 Armour: Animal skin       |    49 |       |       ||    49
         Robe              |     9 |    73 |   128 ||   210
         Skin              |       |       |    11 ||    11
  Dodge: Dodged            |    35 |    33 |    44 ||   112
  Block: Other             |       |       |     8 ||     8

Levels and vault maps discovered:
D:1:      grunt_arrival_lava_bath, layout_loops_cross
D:2:      minmay_alternating_diamond, layout_basic, basic_altar
D:3:      layout_loops_ring
D:4:      layout_basic, grunt_temple_overflow_champion_of_chaos,
          mainiacjoe_overflow_boulevard, minmay_temple_entry_glass,
          grunt_ministairs_15
D:5:      layout_loops_cross, serial_shops, nicolae_shop_waterfront,
          uniq_blork_the_orc, uniq_prince_ribbit1, uniq_eustachio
D:6:      layout_layer_cave, fedhas_ov_isle_minmay
D:7:      layout_layer_cave, nicolae_overflow_hallway_of_the_gods,
          minmay_ruined_shrine
Temple:   hellmonk_temple_rainy
